 Dungeon Crawl Stone Soup version 0.25-a0-544-gee0576305d (webtiles) character file.

Game seed: 17628855845052984797, levelgen mode: deterministic

24 vurker the Gusty (level 2, 0/12 HPs)
             Began as a Felid Air Elementalist on Feb 20, 2020.
             Slain by a worm (5 damage)
             ... on level 2 of the Dungeon.
             The game lasted 00:02:01 (1198 turns).

vurker the Gusty (Felid Air Elementalist)           Turns: 1198, Time: 00:02:02

Health: 0/12       AC:  4    Str:  4    XL:     2   Next: 79%
Magic:  0/6        EV: 18    Int: 16    God:
Gold:   47         SH:  0    Dex: 16    Spells: 4/5 levels left
                                        Lives:  0   Deaths: 0

rFire    . . .     SeeInvis +   (weapon unavailable)
rCold    . . .     Gourm    .   (shield unavailable)
rNeg     . . .     Faith    .   (armour unavailable)
rPois    .         Spirit   .   (helmet unavailable)
rElec    .         Reflect  .   (cloak unavailable)
rCorr    .         Harm     .   (gloves unavailable)
MR       .....                  (boots unavailable)
Stlth    +++.......             (no amulet)
HPRegen  0.04/turn              g - +3 ring of protection
MPRegen  0.10/turn              (no ring)

@: quick
A: very small, no armour, no weapons or thrown items, stealth, claws 1, fangs 3,
see invisible, carnivore, speed 1, shaggy fur 1, slow metabolism 1, sharp paws
a: no special abilities


You were on level 2 of the Dungeon.
You were very full.

You visited 1 branch of the dungeon, and saw 2 of its levels.

You collected 47 gold pieces.

Inventory:

Jewellery
 g - a +3 ring of protection (left paw)
   (You found it on level 1 of the Dungeon)
Scrolls
 a - a scroll of blinking {unknown}
 b - a scroll of fog {unknown}
 c - a scroll of identify {unknown}
 d - 2 scrolls of remove curse {unknown}
 h - a scroll of teleportation {unknown}
 j - a scroll of magic mapping {unknown}
 k - a scroll of noise {unknown}
Potions
 f - a potion of curing {unknown}
 i - a potion of magic {unknown}
Comestibles
 e - 6 rations


   Skills:
 + Level 0.7 Fighting
 - Level 2.6 Dodging
 - Level 2.6 Stealth
 * Level 2.4 Spellcasting
 + Level 1.2 Conjurations
 * Level 3.1 Air Magic


You had 4 spell levels left.
You knew the following spells:

 Your Spells              Type           Power        Failure   Level  Hunger
a - Shock                 Conj/Air       #...         9%          1    #......

Your spell library contained the following spells:

 Spells                   Type           Power        Failure   Level  Hunger
 Swiftness                Chrm/Air       #.......     16%         2    ###....
 Static Discharge         Conj/Air       #.......     24%         3    ###....
 Airstrike                Air            ##........   50%         4    #####..
 Lightning Bolt           Conj/Air       #.........   92%         5    ######.


Dungeon Overview and Level Annotations

Branches:
Dungeon (2/15)

Altars:


Innate Abilities, Weirdness & Mutations

You cannot wear armour.
You are incapable of wielding weapons or throwing items.
Your paws allow you to move quietly. (Stealth)
You have sharp claws.
You have razor-sharp teeth.
You have supernaturally acute eyesight. (SInv)
You are carnivorous and can eat meat at any time.
You cover ground quickly.
You are covered in fur. (AC +1)
You have a slow metabolism.
Your sharp claws are effective at attacking unaware monsters.


Message History

The zap hits the worm. x2
The zap hits the worm. x2
You don't have enough magic to cast that spell.
You start resting.
The worm is too close now for your liking.
The zap hits the worm. x2
You don't have enough magic to cast that spell.
The worm is too close now for your liking.
Aim: a worm The zap hits the worm.
Aim: a worm (lightly wounded)
The zap hits the worm.
Aim: a worm (lightly wounded)
The zap hits the worm.
You don't have enough magic to cast that spell.
You are too injured to fight recklessly!
You are too injured to fight recklessly!
You are too injured to fight recklessly!
There is a stone staircase leading up here.
The worm is too close now for your liking.
Aim: a worm (hasn't noticed you)
The zap hits the worm.
Aim: a worm (lightly wounded)
The zap hits the worm.
Aim: a worm (lightly wounded)
The zap misses the worm.
Aim: a worm (lightly wounded)
The zap hits the worm.
Aim: a worm (moderately wounded)
The zap hits the worm.
Aim: a worm (heavily wounded)
The zap hits the worm.
You don't have enough magic to cast that spell.
The worm completely misses you.
You scratch the worm. You scratch the worm.
The worm bites you but does no damage.
You scratch the worm. You scratch the worm but do no damage.
The worm bites you.
* * * LOW HITPOINT WARNING * * *
Aim: a worm (severely wounded)
The zap hits the worm.
The worm closely misses you.
You don't have enough magic to cast that spell.
You barely miss the worm. You scratch the worm. Your bite misses the worm.
The worm barely misses you.
You barely miss the worm. You barely miss the worm.
The worm closely misses you.
You barely miss the worm. The worm completely misses you.
You scratch the worm but do no damage. You barely miss the worm.
The worm bites you.
You die...

..............w......#
...........###########
......###### #####.#
#.# #w# ### #.# #<#
#.# #.# #.# #@# #.#
#w# #.# #.# #.# #.#
#.# #.# #.# #.#
#.##########.#
#............#
#.##########.#


You could see a worm.

Vanquished Creatures
  2 hobgoblins (D:1)
  2 jackals (D:1)
  5 bats (D:1)
  2 frilled lizards (D:1)
  4 goblins (D:1)
  5 kobolds (D:1)
  6 rats (D:1)
26 creatures vanquished.

Notes
Turn   | Place    | Note
-------+----------+-------------------------------------------
     0 | D:1      | vurker the Felid Air Elementalist began the quest for the
                  | Orb.
     0 | D:1      | Reached XP level 1. HP: 7/7 MP: 4/4
   232 | D:1      | Reached skill level 1 in Conjurations
   416 | D:1      | Reached XP level 2. HP: 12/12 MP: 4/6
   593 | D:1      | Reached skill level 3 in Air Magic
  1198 | D:2      | Slain by a worm

Levels and vault maps discovered:
D:1:      scummos_arrival_simple_crosswalls, layout_basic
D:2:      layout_basic, overflow_temple_1_default, first_ration,
          minmay_nonomino_d4

Skill      XL: |  1  2 |
---------------+-------+-----
Conjurations   | 1 |  1.2
Air Magic      | 3 |  3.1
Fighting       | |  0.7
Dodging        | |  2.6
Stealth        | |  2.6
Spellcasting   | |  2.4

Action                   || total
-------------------------++-------
Melee: Unarmed           ||    33
       Bite              ||     3
 Cast: Shock             ||    58
  Eat: Chunk             ||     8
Armor: Skin              ||     3
Dodge: Dodged            ||    26

Table legend:
 A = Non-vault XP
 B = Vault XP
 C = Vault XP percentage of total XP
 D = Non-vault monster count
 E = Vault monster count
 F = Vault count percentage of total count
                 A         B        C        D         E       F
            +---------+---------+-------+---------+---------+-------
      Total |      35 |       0 |   0.0 |      26 |       0 |   0.0
            +---------+---------+-------+---------+---------+-------
        D:1 |      35 |       0 |   0.0 |      26 |       0 |   0.0
            +---------+---------+-------+---------+---------+-------
